 Dungeon Crawl Stone Soup version 0.26-a0-1053-gaff5f71418 (webtiles) character file.

Game seed: 15324333124014531355

193 stormannn the Caller (level 5, -1/28 HPs)
             Began as a Deep Elf Summoner on Dec 12, 2020.
             Slain by a sky beast (5 damage)
             ... on level 4 of the Dungeon.
             The game lasted 00:10:47 (6797 turns).

stormannn the Caller (Deep Elf Summoner)            Turns: 6797, Time: 00:10:48

Health: -1/28      AC:  3    Str:  5    XL:     5   Next: 44%
Magic:  10/14      EV: 14    Int: 21    God:
Gold:   245        SH:  0    Dex: 15    Spells: 13/14 levels left

rFire    x . .     SeeInvis .   b - +0 spear
rCold    + . .     Faith    +   (no shield)
rNeg     . . .     Spirit   .   a - +0 robe
rPois    .         Reflect  .   (no helmet)
rElec    .         Harm     .   q - scarf {repulsion}
rCorr    .         Rampage  .   s - +0 pair of gloves
Will     .....                  (no boots)
Stlth    ++........             k - amulet of faith
HPRegen  0.09/turn              l - ring of ice
MPRegen  0.14/turn              o - ring of wizardry

@: repel missiles
A: no striking features
a: no special abilities


You were on level 4 of the Dungeon.
You visited 1 branch of the dungeon, and saw 4 of its levels.

You collected 245 gold pieces.

Inventory:

Hand Weapons
 b - a +0 spear (weapon)
Missiles
 d - 2 silver boomerangs
 t - 6 javelins
Armour
 a - a +0 robe (worn)
 q - a scarf of repulsion (worn)
 s - a +0 pair of gloves (worn)
Jewellery
 k - an amulet of faith (around neck)
 l - a ring of ice (left hand)
 o - a ring of wizardry (right hand)
Wands
 h - a wand of polymorph (8)
Scrolls
 c - 2 scrolls of remove curse {unknown}
 e - 2 scrolls of blinking {unknown}
 i - 4 scrolls of identify {unknown}
 j - 2 scrolls of enchant weapon {unknown}
 p - 4 scrolls of teleportation {unknown}
 r - a scroll of fear {unknown}
Potions
 f - 2 potions of heal wounds {unknown}
 g - 3 potions of lignification {unknown}
 m - a potion of berserk rage {unknown}
 n - a potion of mutation {unknown}
 u - 2 potions of resistance {unknown}
 v - a potion of flight {unknown}


   Skills:
 + Level 4.4 Dodging
 - Level 2.4 Stealth
 + Level 5.0 Spellcasting
 + Level 5.5 Summonings


You had 13 spell levels left.
You knew the following spells:

 Your Spells              Type           Power        Failure   Level
a - Summon Small Mammal   Summ           ####         1%          1

Your spell library contained the following spells:

 Spells                   Type           Power        Failure   Level
 Call Imp                 Summ           ####....     1%          2
 Call Canine Familiar     Summ           ####....     1%          3
 Summon Guardian Golem    Hex/Summ       ###.....     4%          3
 Summon Ice Beast         Ice/Summ       ####....     14%         4
 Summon Lightning Spire   Summ/Air       ###.....     14%         4


Dungeon Overview and Level Annotations

Branches:
Dungeon (4/15)
 Temple: D:4-7

Altars:

Shops:
D:4 *


Message History

Something hits your quokka. Something shocks your quokka.
Your quokka dies!
Your quokka's corpse disappears in a puff of smoke!
Your quokka barely misses something.
Evoke which item? (* to show all) (? for menu, Esc to quit)
Reach: b) +0 spear
Press: ? - help, Dir - move target You reach to attack!
You barely miss something.
Casting: Summon Small Mammal (safe; 1% risk of failure)
Confirm with . or Enter, or press ? or * to list all spells.
Your quokka misses something. Something hits you. Something shocks you.
* * * LOW HITPOINT WARNING * * *
You swap places.
Your quokka bites something.
Casting: Summon Small Mammal (safe; 1% risk of failure)
Confirm with . or Enter, or press ? or * to list all spells.
Something hits you.
* * * LOW HITPOINT WARNING * * *
Something shocks you.
You die...

#...#..........#
#...#..........#
#...#.........^#
#...#..........#######
#....................##
#####.............##...
#..........#....###
#..........###...##
#r@.r.............#
#..r....>.....≈....
#...........≈......
##.................
##................
#######......<...
##........# ##.###...##
####..# ###.##


You could see 3 friendly quokkas.

Vanquished Creatures
  Robin (D:2)
  4 adders
  3 worms
  2 leopard geckos
  2 giant cockroaches
  2 hobgoblins (D:2)
  2 jackals (D:3)
  A quokka (D:2)
  A frilled lizard (D:3)
  10 goblins
  2 kobolds (D:2)
  A rat (D:3)
31 creatures vanquished.

Vanquished Creatures (collateral kills)
  A hound (D:4)
  A worker ant (D:4)
  8 adders
  A shadow imp (D:4)
  A white imp (D:2)
  2 worms (D:2)
  2 dart slugs
  A leopard gecko (D:1)
  3 orcs (D:3)
  2 giant cockroaches
  10 hobgoblins
  6 jackals
  A quokka (D:2)
  5 bats
  4 frilled lizards
  8 goblins
  3 kobolds
  A quokka skeleton (D:4)
  3 rats
63 creatures vanquished.

Vanquished Creatures (others)
  5 toadstools (D:1)
5 creatures vanquished.

Grand Total: 99 creatures vanquished

Notes
Turn   | Place    | Note
-------+----------+-------------------------------------------
     0 | D:1      | stormannn the Deep Elf Summoner began the quest for the
                  | Orb.
     0 | D:1      | Reached XP level 1. HP: 10/10 MP: 6/6
   745 | D:1      | Reached XP level 2. HP: 15/15 MP: 4/8
  1588 | D:2      | Noticed Robin
  1618 | D:2      | Killed Robin
  1619 | D:2      | Reached XP level 3. HP: 9/19 MP: 1/10
  2367 | D:2      | Reached skill level 5 in Summonings
  2619 | D:2      | Reached XP level 4. HP: 24/24 MP: 8/12
  6150 | D:4      | Reached XP level 5. HP: 28/28 MP: 10/14
  6436 | D:4      | Found Omeazxuh's Serpentskin Sales.
  6453 | D:4      | Reached skill level 5 in Spellcasting
  6754 | D:4      | Noticed a sky beast
  6797 | D:4      | Slain by a sky beast

Illustrated notes

Levels and vault maps discovered:
D:1:      dpeg_arrival_concentric_ovals, layout_basic, minmay_gold_behind_fungi
D:2:      layout_basic, grunt_ministairs_15, nrook_campfire, chequers_jeans,
          uniq_robin
D:3:      layout_basic
D:4:      layout_rooms, minmay_temple_entry_sparse_star, serial_curves,
          eino_curves_02, eino_curves_01, guppyfry_shop_venom

Skill      XL: |  1  2  3  4  5 |
---------------+----------------+-----
Dodging        | 3 4 |  4.4
Spellcasting   | 4 5 |  5.0
Summonings     | 5 |  5.5
Stealth        | |  2.4

Action                   |  1- 3 |  4- 6 || total
-------------------------+-------+-------++-------
Melee: Unarmed           |    22 |       ||    22
       Spear             |    60 |   112 ||   172
 Cast: Summon Small Mamm |   121 |   120 ||   241
  Use: Potion            |     1 |       ||     1
 Stab: Sleeping          |       |     1 ||     1
Armor: Robe              |     9 |    12 ||    21
       Skin              |     2 |       ||     2
Dodge: Dodged            |    72 |    91 ||   163
       Repelled          |       |     1 ||     1

Table legend: (Time is in decaauts)
 A = Elapsed time spent in this place.
 B = Non-inter-level travel time spent in this place.
 C = Inter-level travel time spent in this place.
 D = Time resting spent in this place.
 E = Time spent auto-exploring this place.
 F = Levels seen in this place.
 G = Mean time per level.
                   A        B        C        D        E       F      G
               +--------+--------+--------+--------+--------+-----+--------+
         Total |   6815 |   6738 |     77 |   3115 |   2548 |   4 | 1703.8 |
       Dungeon |   6815 |   6738 |     77 |   3115 |   2548 |   4 | 1703.8 |
               +--------+--------+--------+--------+--------+-----+--------+

Top non-repeatable levels by time:
     D:2: 2675 daAuts
     D:3: 2022 daAuts
     D:1: 1460 daAuts
     D:4: 657 daAuts
